[ AOE2 MATCH · #505988196 ]
UnrankedSpanish vs Gurjaras
Player's team · WIN
Rival team · LOSS
[ REPLAY ANALYSIS · EXTRACTED FROM THE RECORDED GAME ]
Feudal
10:33
Castle
17:26
Imperial
—
| APM avg | 47.6 |
| APM peak | 76 |
| eAPM avg | 23.3 |
| Villagers / military | 31 / 22 |
Focus
⚔️ 35.3% · 🌾 64.7%
Conquistador ×14 · Petard ×3 · Mangonel ×3 · Battering Ram ×2
Feudal
8:34
Castle
23:58
Imperial
—
| APM avg | 54.4 |
| APM peak | 84 |
| eAPM avg | 23.6 |
| Villagers / military | 63 / 30 |
Focus
⚔️ 40.1% · 🌾 59.9%
Archer ×23 · Skirmisher ×2 · Scout Cavalry ×2 · Elephant Archer ×2 · Mangonel ×1
Match map
Initial resources + every placement click. Lines = walls · curves = elevation contours. ◆ gold · ⬟ stone · ● berries · ✦ relic · ◌ wall gap
Your base· Open — unwalled flank
[CL] Al3jandr0.magn00's base· ✓ Closed at 23:58 · 84t walls · 1 gate(s)
Smoothed initial terrain · ◌ = detected wall gap · hover for details
Inputs per minute
— NHN Forever - - [CL] Al3jandr0.magn00
Build order — NHN Forever
94 actions detected in the replay
| 0:01 | Queue | Villager (Male) |
| 0:01 | Queue | Villager (Male) |
| 0:02 | Queue | Villager (Male) |
| 0:03 | Build | House |
| 0:05 | Build | House |
| 0:15 | Queue | Villager (Male) |
| 0:16 | Queue | Villager (Male) |
| 1:28 | Queue | Villager (Male) |
| 1:56 | Queue | Villager (Male) |
| 2:12 | Queue | Villager (Male) |
| 2:45 | Queue | Villager (Male) |
| 3:01 | Build | Lumber Camp |
| 3:09 | Build | Lumber Camp |
| 3:11 | Queue | Villager (Male) |
| 3:12 | Queue | Villager (Male) |
| 3:34 | Queue | Villager (Male) |
| 3:47 | Queue | Villager (Male) |
| 3:47 | Queue | Villager (Male) |
| 4:14 | Build | House |
| 4:38 | Queue | Villager (Male) |
| 4:40 | Build | Mill |
| 4:46 | Queue | Villager (Male) |
| 5:10 | Queue | Villager (Male) |
| 5:11 | Queue | Villager (Male) |
| 5:48 | Queue | Villager (Male) |
| 5:49 | Queue | Villager (Male) |
| 5:49 | Queue | Villager (Male) |
| 5:49 | Queue | Villager (Male) |
| 6:17 | Build | House |
| 6:18 | Build | Palisade Wall |
| 6:26 | Build | Mining Camp |
| 6:39 | Queue | Villager (Male) |
| 7:12 | Queue | Villager (Male) |
| 7:22 | Build | Palisade Wall |
| 7:24 | Build | Palisade Wall |
| 7:55 | Research | Loom |
| 8:01 | Build | Outpost |
| 8:19 | Research | Feudal Age |
| 9:10 | Build | Palisade Wall |
| 9:32 | Build | Palisade Wall |
| 9:33 | Build | Palisade Wall |
| 9:41 | Queue | Villager (Male) |
| 9:59 | Build | Farm |
| 10:06 | Queue | Villager (Male) |
| 10:31 | Build | Farm |
| 10:33 | Age | Feudal Age |
| 10:35 | Build | Market |
| 10:39 | Build | Watch Tower |
| 11:09 | Queue | Villager (Male) |
| 11:26 | Build | Blacksmith |
| 11:39 | Build | Farm |
| 11:50 | Build | Watch Tower |
| 12:57 | Build | Palisade Wall |
| 14:46 | Research | Castle Age |
| 14:56 | Build | Farm |
| 14:59 | Build | Farm |
| 15:52 | Research | Stone Mining |
| 15:53 | Research | Stone Mining |
| 16:29 | Research | Double-Bit Axe |
| 17:11 | Build | Farm |
| 17:20 | Queue | Villager (Male) |
| 17:26 | Age | Castle Age |
| 17:30 | Build | Castle |
| 17:56 | Research | Padded Archer Armor |
| 18:30 | Queue | Conquistador |
| 18:31 | Queue | Conquistador |
| 18:31 | Queue | Conquistador |
| 18:50 | Queue | Conquistador |
| 18:59 | Build | Farm |
| 19:24 | Build | Mining Camp |
| 19:29 | Queue | Villager (Male) |
| 19:46 | Queue | Conquistador |
| 20:24 | Queue | Conquistador |
| 20:28 | Queue | Villager (Male) |
| 20:45 | Queue | Conquistador |
| 20:46 | Queue | Conquistador |
| 20:51 | Build | Farm |
| 21:35 | Queue | Conquistador |
| 21:37 | Queue | Petard |
| 21:56 | Queue | Conquistador |
| 21:56 | Queue | Conquistador |
| 22:07 | Build | Siege Workshop |
| 22:10 | Queue | Villager (Male) |
| 22:32 | Queue | Petard |
| 22:32 | Queue | Petard |
| 22:49 | Queue | Battering Ram |
| 22:49 | Queue | Battering Ram |
| 22:52 | Queue | Mangonel |
| 22:52 | Queue | Mangonel |
| 23:14 | Build | Outpost |
| 23:39 | Queue | Mangonel |
| 24:35 | Queue | Conquistador |
| 24:35 | Queue | Conquistador |
| 24:36 | Queue | Conquistador |
Build order — [CL] Al3jandr0.magn00
First 150 of 178 actions detected
| 0:01 | Queue | Villager (Male) |
| 0:01 | Queue | Villager (Male) |
| 0:01 | Queue | Villager (Male) |
| 0:02 | Build | House |
| 0:03 | Build | House |
| 0:29 | Queue | Villager (Male) |
| 1:00 | Build | Mill |
| 1:23 | Queue | Villager (Male) |
| 1:52 | Queue | Villager (Male) |
| 2:26 | Build | House |
| 2:28 | Queue | Villager (Male) |
| 2:46 | Queue | Villager (Male) |
| 2:46 | Queue | Villager (Male) |
| 3:04 | Queue | Villager (Male) |
| 3:04 | Queue | Villager (Male) |
| 3:13 | Queue | Villager (Male) |
| 3:13 | Queue | Villager (Male) |
| 3:34 | Queue | Villager (Male) |
| 3:48 | Queue | Villager (Male) |
| 4:21 | Queue | Villager (Male) |
| 4:35 | Build | Lumber Camp |
| 4:38 | Queue | Villager (Male) |
| 4:38 | Queue | Villager (Male) |
| 4:56 | Build | House |
| 5:14 | Queue | Villager (Male) |
| 5:31 | Research | Loom |
| 6:24 | Research | Feudal Age |
| 7:04 | Build | Barracks |
| 7:15 | Build | Palisade Wall |
| 7:36 | Build | Palisade Wall |
| 8:16 | Queue | Villager (Male) |
| 8:34 | Age | Feudal Age |
| 8:35 | Build | Stable |
| 8:40 | Research | Double-Bit Axe |
| 8:52 | Queue | Villager (Male) |
| 9:07 | Queue | Villager (Male) |
| 9:15 | Build | Mill |
| 9:23 | Queue | Scout Cavalry |
| 9:28 | Queue | Scout Cavalry |
| 9:39 | Queue | Villager (Male) |
| 9:55 | Build | House |
| 10:12 | Queue | Villager (Male) |
| 10:12 | Queue | Villager (Male) |
| 10:26 | Queue | Villager (Male) |
| 10:26 | Queue | Villager (Male) |
| 10:31 | Build | Archery Range |
| 10:57 | Build | Watch Tower |
| 11:01 | Queue | Archer |
| 11:11 | Queue | Villager (Male) |
| 11:11 | Queue | Villager (Male) |
| 11:13 | Build | House |
| 11:18 | Build | Mining Camp |
| 11:32 | Queue | Villager (Male) |
| 11:32 | Queue | Villager (Male) |
| 11:40 | Build | House |
| 11:51 | Build | House |
| 12:03 | Queue | Villager (Male) |
| 12:04 | Queue | Skirmisher |
| 12:43 | Queue | Skirmisher |
| 12:44 | Queue | Villager (Male) |
| 12:57 | Queue | Villager (Male) |
| 12:57 | Queue | Villager (Male) |
| 12:57 | Queue | Villager (Male) |
| 12:59 | Build | Farm |
| 13:00 | Build | Farm |
| 13:20 | Queue | Villager (Male) |
| 13:22 | Build | Farm |
| 13:23 | Build | Farm |
| 13:24 | Build | House |
| 13:32 | Queue | Archer |
| 13:49 | Queue | Villager (Male) |
| 13:50 | Build | House |
| 13:52 | Queue | Villager (Male) |
| 14:00 | Queue | Archer |
| 14:00 | Queue | Archer |
| 14:12 | Queue | Archer |
| 14:14 | Queue | Villager (Male) |
| 14:44 | Queue | Archer |
| 14:44 | Queue | Archer |
| 14:48 | Queue | Villager (Male) |
| 14:58 | Build | Mining Camp |
| 15:00 | Build | Farm |
| 15:07 | Build | House |
| 15:12 | Queue | Archer |
| 15:12 | Queue | Archer |
| 15:18 | Queue | Villager (Male) |
| 15:20 | Build | Farm |
| 15:21 | Build | Farm |
| 15:31 | Build | House |
| 15:37 | Queue | Villager (Male) |
| 15:39 | Build | Farm |
| 15:55 | Queue | Archer |
| 15:59 | Build | Outpost |
| 16:05 | Build | Outpost |
| 16:11 | Build | Outpost |
| 16:18 | Queue | Archer |
| 16:24 | Queue | Villager (Male) |
| 16:24 | Queue | Villager (Male) |
| 16:30 | Build | House |
| 16:38 | Build | Stone Wall |
| 16:50 | Build | Farm |
| 16:53 | Build | Farm |
| 17:14 | Queue | Villager (Male) |
| 17:17 | Build | Farm |
| 17:23 | Build | Stone Wall |
| 17:42 | Queue | Archer |
| 17:42 | Queue | Archer |
| 17:47 | Build | Stone Wall |
| 18:00 | Build | Stone Wall |
| 18:03 | Build | Stone Wall |
| 18:03 | Build | Stone Wall |
| 18:04 | Build | Stone Wall |
| 18:05 | Build | Stone Wall |
| 18:06 | Queue | Villager (Male) |
| 18:07 | Queue | Villager (Male) |
| 18:12 | Build | Stone Wall |
| 18:21 | Build | Stone Wall |
| 18:25 | Queue | Villager (Male) |
| 18:30 | Build | Market |
| 18:44 | Build | House |
| 18:51 | Queue | Villager (Male) |
| 18:51 | Queue | Villager (Male) |
| 18:57 | Queue | Archer |
| 18:58 | Queue | Archer |
| 19:14 | Queue | Villager (Male) |
| 19:15 | Queue | Villager (Male) |
| 19:18 | Build | Watch Tower |
| 19:20 | Build | House |
| 19:23 | Build | House |
| 19:26 | Build | Palisade Wall |
| 19:29 | Build | Palisade Wall |
| 20:09 | Queue | Villager (Male) |
| 20:11 | Build | Farm |
| 20:16 | Build | House |
| 20:17 | Build | House |
| 20:19 | Build | Palisade Wall |
| 20:20 | Build | Palisade Wall |
| 20:33 | Queue | Villager (Male) |
| 20:35 | Build | Farm |
| 20:35 | Build | Farm |
| 20:46 | Queue | Archer |
| 20:46 | Queue | Archer |
| 20:51 | Queue | Villager (Male) |
| 20:51 | Queue | Villager (Male) |
| 21:10 | Build | Lumber Camp |
| 21:18 | Research | Castle Age |
| 21:19 | Research | Castle Age |
| 21:21 | Build | Palisade Wall |
| 21:25 | Queue | Archer |
| 21:25 | Queue | Archer |
Match timeline
| 6:18 | NHN Forever · wall_segment Palisade Wall x1 |
| 7:04 | [CL] Al3jandr0.magn00 · first_building Barracks |
| 7:15 | [CL] Al3jandr0.magn00 · wall_segment Palisade Wall x14 |
| 7:22 | NHN Forever · wall_segment Palisade Wall x1 |
| 7:24 | NHN Forever · wall_segment Palisade Wall x1 |
| 7:36 | [CL] Al3jandr0.magn00 · wall_segment Palisade Wall x3 |
| 8:34 | [CL] Al3jandr0.magn00 · age_up feudal |
| 8:35 | [CL] Al3jandr0.magn00 · first_building Stable |
| 9:10 | NHN Forever · wall_segment Palisade Wall x1 |
| 9:32 | NHN Forever · wall_segment Palisade Wall x1 |
| 9:33 | NHN Forever · wall_segment Palisade Wall x1 |
| 10:31 | [CL] Al3jandr0.magn00 · first_building Archery Range |
| 10:33 | NHN Forever · age_up feudal |
| 12:48 | NHN Forever · first_market_sell 100 stone |
| 12:49 | NHN Forever · first_market_buy 100 food |
| 12:57 | NHN Forever · wall_segment Palisade Wall x1 |
| 16:38 | [CL] Al3jandr0.magn00 · wall_segment Stone Wall x9 |
| 17:23 | [CL] Al3jandr0.magn00 · wall_segment Stone Wall x8 |
| 17:26 | NHN Forever · age_up castle |
| 17:30 | NHN Forever · first_building Castle |
| 17:47 | [CL] Al3jandr0.magn00 · wall_segment Stone Wall x4 |
| 18:00 | [CL] Al3jandr0.magn00 · wall_segment Stone Wall x1 |
| 18:03 | [CL] Al3jandr0.magn00 · wall_segment Stone Wall x1 |
| 18:03 | [CL] Al3jandr0.magn00 · wall_segment Stone Wall x1 |
| 18:04 | [CL] Al3jandr0.magn00 · wall_segment Stone Wall x1 |
| 18:05 | [CL] Al3jandr0.magn00 · wall_segment Stone Wall x1 |
| 18:12 | [CL] Al3jandr0.magn00 · wall_segment Stone Wall x15 |
| 18:21 | [CL] Al3jandr0.magn00 · wall_segment Stone Wall x6 |
| 19:26 | [CL] Al3jandr0.magn00 · wall_segment Palisade Wall x6 |
| 19:29 | [CL] Al3jandr0.magn00 · wall_segment Palisade Wall x5 |
| 20:19 | [CL] Al3jandr0.magn00 · wall_segment Palisade Wall x9 |
| 20:20 | [CL] Al3jandr0.magn00 · wall_segment Palisade Wall x1 |
| 21:21 | [CL] Al3jandr0.magn00 · wall_segment Palisade Wall x1 |
| 21:44 | [CL] Al3jandr0.magn00 · wall_segment Stone Wall x1 |
| 22:07 | NHN Forever · first_building Siege Workshop |
| 23:58 | [CL] Al3jandr0.magn00 · age_up castle |
| 24:15 | [CL] Al3jandr0.magn00 · first_building Siege Workshop |
| 24:37 | [CL] Al3jandr0.magn00 · first_building Castle |
| 25:52 | [CL] Al3jandr0.magn00 · resign |
[ AI ANALYSIS · 1 CREDIT ]
What really happened in this match?
Wolo.gg analyzes every decision: build order, eco, micro, common mistakes by bracket. Personalized analysis on WhatsApp or Discord in 30 seconds.
Civ guide
Spanish
Perfil
Jugador #15779222